 Seeded DCSS version 0.32-a0-163-g159c032296 (webtiles) character file.

Game seed: 20240211 (custom seed)

31 greenreed the Ducker (level 3, 0/31 HPs)
             Began as a Gnoll Wanderer on Feb 11, 2024.
             Slain by a bullfrog (2 damage)
             ... on level 4 of the Dungeon.
             The game lasted 00:02:20 (726 turns).

greenreed the Ducker (Gnoll Wanderer)                Turns: 726, Time: 00:02:21

Health: 0/31       AC:  5    Str: 14    XL:     3   Next: 22%
Magic:  4/7        EV: 13    Int: 12    God:
Gold:   28         SH:  0    Dex:  9    Spells: 6/7 levels left

rFire   . . .        a - +0 club
rCold   . . .        (no shield)
rNeg    . . .        d - +2 leather armour
rPois   .            (no helmet)
rElec   .            (no cloak)
rCorr   +            (no gloves)
SInv    .            (no boots)
Will    .....        (no amulet)
Stlth   +            e - ring of resist corrosion
HPRegen 0.25/turn    (no ring)
MPRegen 0.10/turn

%: no passive effects
@: no status effects
A: fangs 1, strong nose, distributed training
a: no special abilities


You were on level 4 of the Dungeon.
You visited 1 branch of the dungeon, and saw 4 of its levels.

You collected 28 gold pieces.

Inventory:

Hand Weapons
 a - a +0 club (weapon)
Armour
 d - a +2 leather armour (worn)
Jewellery
 e - a ring of resist corrosion (left hand)
Scrolls
 f - 3 scrolls of teleportation {unknown}
 g - a scroll of poison {unknown}
Potions
 b - 2 potions of attraction
 c - a potion of berserk rage
 h - a potion of might {unknown}
 i - 2 potions of brilliance {unknown}
 j - a potion of curing {unknown}


   Skills:
 + Level 4.5 Fighting
 + Level 0.7 Short Blades
 + Level 0.7 Long Blades
 + Level 0.7 Axes
 + Level 0.7 Maces & Flails
 + Level 0.7 Polearms
 + Level 0.7 Staves
 + Level 0.7 Ranged Weapons
 + Level 0.7 Throwing
 + Level 2.6 Armour
 + Level 6.5 Dodging
 + Level 0.7 Stealth
 + Level 0.7 Shields
 + Level 0.7 Unarmed Combat
 + Level 2.8 Spellcasting
 + Level 0.5 Conjurations
 + Level 0.5 Hexes
 + Level 0.5 Summonings
 + Level 0.5 Necromancy
 + Level 0.5 Translocations
 + Level 0.5 Fire Magic
 + Level 5.4 Ice Magic
 + Level 0.5 Air Magic
 + Level 0.5 Earth Magic
 + Level 0.5 Alchemy
 + Level 0.9 Invocations
 + Level 0.7 Evocations
 + Level 0.6 Shapeshifting


You had 6 spell levels left.
You knew the following spells:

 Your Spells              Type           Power      Damage    Failure   Level
a - Freeze                Ice            56%        1d7       3%          1

Your spell library contained the following spells:

 Spells                   Type           Power      Damage    Failure   Level
 Hailstorm                Conj/Ice       8%         3d5       26%         3


Dungeon Overview and Level Annotations

Branches:
Dungeon (4/15)
 Temple: D:4-7

Altars:
Gozag

Annotations:
D:3 Jessica


Innate Abilities, Weirdness & Mutations

You have very sharp teeth.
Your uncanny sense of smell can sniff out nearby items.
Your experience applies equally to all skills.


Message History

There is an entrance to an ossuary on this level.
Hurry and find it before the portal is buried!
The hobgoblin shouts!
The ball python hisses angrily.
The bullfrog gives a loud, deep croak!
There is a stone staircase leading up here.
Unknown command.
Unknown command.
A kobold comes into view. It is wielding a +0 dagger.
The kobold shouts!
You hit the kobold.
The kobold is severely wounded.
The kobold hits you but does no damage.
You hit the kobold.
You kill the kobold!
The hobgoblin hits you.
Things that are here:
a +0 dagger; a stone The bullfrog hits you.
The bullfrog closely misses you. The bullfrog attacks as it pursues you!
The bullfrog hits you. The bullfrog hits you.
The bullfrog attacks as it pursues you! The bullfrog hits you.
The bullfrog closely misses you. The bullfrog attacks as it pursues you!
The bullfrog closely misses you. The bullfrog attacks as it pursues you!
The bullfrog closely misses you. The bullfrog hits you.
* * * LOW HITPOINT WARNING * * *
The ball python attacks as it pursues you!
The ball python completely misses you. The ball python grabs you.
The ball python constricts you.
* * * LOW HITPOINT WARNING * * *
You escape the ball python's grasp.
The bullfrog hits you.
* * * LOW HITPOINT WARNING * * *
The bullfrog hits you.
* * * LOW HITPOINT WARNING * * *
The bullfrog attacks as it pursues you! The bullfrog hits you.
* * * LOW HITPOINT WARNING * * *
The bullfrog hits you but does no damage.
The bullfrog swells and bulges.
The bullfrog attacks as it pursues you! The bullfrog hits you.
You die...

#....#
#....#
#....#
###....#
#....g##
#.#+#+#S##
#. #..##
#. ###F# #
+@# #.#
+.. #..#
.#.# . .#
. ## .#


You could see a bullfrog, a hobgoblin and a ball python.

Vanquished Creatures
  An adder (D:3)
  3 ball pythons (D:1)
  2 endoplasms (D:1)
  2 giant cockroaches (D:1)
  2 goblins
  2 hobgoblins (D:1)
  A jackal (D:3)
  A kobold (D:4)
  A quokka (D:1)
  2 bats (D:1)
  A frilled lizard (D:1)
  2 rats (D:1)
20 creatures vanquished.

Notes
Turn   | Place    | Note
-------+----------+-------------------------------------------
     0 | D:1      | greenreed the Gnoll Wanderer began the quest for the Orb.
     0 | D:1      | greenreed set off with the following items: a +0 club, a
                  | potion of attraction, a potion of berserk rage, a +2
                  | leather armour; and the following spell memorised: Freeze;
                  | and the following spells available to memorise: Hailstorm.
     0 | D:1      | Reached XP level 1. HP: 20/20 MP: 4/4
   142 | D:1      | Reached XP level 2. HP: 20/26 MP: 5/5
   535 | D:3      | Noticed Jessica
   548 | D:3      | Found an opulent altar of Gozag.
   689 | D:3      | Reached XP level 3. HP: 17/31 MP: 0/7
   700 | D:4      | Noticed a bullfrog
   723 | D:4      | HP: 1/31 [bullfrog (3)]
   726 | D:4      | Slain by a bullfrog

Illustrated notes

Levels and vault maps discovered:
D:1:      zaba_arrival_water, layout_rooms
D:2:      layout_loops_ring
D:3:      layout_loops_ring, mainiacjoe_overflow_paths,
          lightli_sewer_entry_pipes, pf_guarded_unrand_delatra, uniq_jessica
D:4:      layout_basic, mainiacjoe_overflow_alcove_4,
          mainiacjoe_ossuary_entry_find_the_door, serial_shops, shop,
          shop_fountains, nicolae_shop_stone, uniq_natasha, uniq_blork_the_orc

Action                     || total
---------------------------++-------
  Melee: Club              ||    25
         Bite              ||     3
   Cast: Freeze            ||    28
 Armour: Leather armour    ||    90
  Dodge: Dodged            ||    93

Table legend: (Time is in decaauts)
 A = Elapsed time spent in this place.
 B = Non-inter-level travel time spent in this place.
 C = Inter-level travel time spent in this place.
 D = Time resting spent in this place.
 E = Time spent auto-exploring this place.
 F = Levels seen in this place.
 G = Mean time per level.
                   A        B        C        D        E       F      G
               +--------+--------+--------+--------+--------+-----+--------+
         Total |    738 |    738 |      0 |      8 |    438 |   4 |  184.5 |
       Dungeon |    738 |    738 |      0 |      8 |    438 |   4 |  184.5 |
               +--------+--------+--------+--------+--------+-----+--------+

Top non-repeatable levels by time:
     D:1: 537 daAuts
     D:3: 166 daAuts
     D:4: 26 daAuts
     D:2: 7 daAuts
